AoeStats
← PrisonMike

Fortress

509976655Analyzed
2v2 RM · 3d ago on Sep 28, 2026· 65m 15s· 4 players
Game mode
Random Map
Map size
Normal (6 player)
Population
200
Speed
Normal
Resources
Standard
Victory
Conquest
Starting age
Dark Age
Ending age
Imperial Age
RankedLock teamsTeams togetherTeam positionsShared explorationLock speedFull tech treeHidden civsTurbo modeCheats
Victory
Defeat
🇪🇸 Burgundians · Spain
968
+16
🇵🇪 Italians · Peru
945
+16
🇺🇸 Wei · United States
959
-16
🇧🇷 Byzantines · Brazil
959
-16
Perrito Perron
6:27 Feudal Age
5:40 Loom
12:11 Castle Age
11:24 Double-Bit Axe
11:26 Horse Collar
12:05 Gold Mining
14:35 Bow Saw
14:22 Stone Mining
17:24 Fervor
20:36 Fletching
20:46 Padded Archer Armor
23:10 Padded Archer Armor
23:05 Bodkin Arrow
23:04 Pikeman
23:45 Squires
23:52 Town Watch
31:29 Imperial Age
30:30 Silk Road
31:11 Leather Archer Armor
31:06 Forging
31:02 Scale Barding Armor
31:04 Squires
30:25 Man-at-Arms
32:00 Murder Holes
33:10 Chemistry
32:06 Murder Holes
33:45 Conscription
32:56 Elite Genoese Crossbowman
34:21 Bracer
34:22 Scale Mail Armor
36:20 Ring Archer Armor
36:53 Chain Mail Armor
41:53 Wheelbarrow
41:20 Town Patrol
49:59 Plate Mail Armor
51:12 Hand Cart
53:44 Caravan
53:55 Guilds
54:58 Heavy Plow
57:24 Guard Tower
57:46 Fortified Wall
60:16 Two-Man Saw
63:22 Ballistics
63:15 Masonry
62:45 Treadmill Crane
65:43 Hoardings
65:56 Iron Casting
PrisonMike
3:18 Double-Bit Axe
4:23 Horse Collar
6:47 Loom
8:37 Feudal Age
12:42 Castle Age
11:07 Bow Saw
11:17 Heavy Plow
14:56 Two-Man Saw
14:28 Crop Rotation
17:27 Wheelbarrow
18:01 Forging
20:05 Hand Cart
22:28 Scale Barding Armor
23:10 Husbandry
23:07 Gold Mining
24:29 Gold Shaft Mining
23:46 Stone Mining
23:53 Cavalier
24:36 Town Watch
28:53 Imperial Age
28:08 Iron Casting
27:54 Chain Barding Armor
27:20 Pikeman
28:01 Squires
27:46 Arson
28:36 Scale Mail Armor
29:14 Burgundian Vineyards
30:45 Chemistry
30:38 Stone Shaft Mining
29:36 Halberdier
32:05 Paladin
33:54 Chain Mail Armor
34:40 Blast Furnace
34:15 Plate Barding Armor
34:28 Fletching
35:09 Plate Mail Armor
34:02 Elite Skirmisher
35:08 Ballistics
35:00 Fortified Wall
38:09 Town Patrol
38:58 Conscription
49:15 Bodkin Arrow
49:25 Murder Holes
57:09 Caravan
57:03 Light Cavalry
Zap!
7:32 Feudal Age
6:13 Loom
11:23 Double-Bit Axe
14:19 Castle Age
12:02 Horse Collar
16:38 Wheelbarrow
16:32 Bow Saw
16:51 Forging
16:47 Scale Barding Armor
17:31 Heavy Plow
20:39 Iron Casting
21:24 Chain Barding Armor
21:44 Husbandry
22:42 Fletching
23:29 Hand Cart
25:26 Gold Mining
26:09 Bodkin Arrow
28:00 Stone Mining
31:37 Imperial Age
29:21 Elite Skirmisher
29:56 Light Cavalry
31:59 Thumb Ring
32:41 Conscription
32:01 Cavalier
34:15 Plate Barding Armor
34:56 Ballistics
35:36 Chemistry
35:21 Caravan
35:34 Padded Archer Armor
40:27 Bracer
40:43 Leather Archer Armor
41:40 Logistica
42:57 Two-Man Saw
42:57 Gold Shaft Mining
42:58 Stone Shaft Mining
44:00 Ring Archer Armor
44:20 Crop Rotation
44:33 Hoardings
43:34 Hussar
44:23 Guard Tower
44:30 Murder Holes
45:01 Elite Cataphract
46:46 Arrowslits
49:09 Heavy Camel Rider
granttheath
7:34 Feudal Age
8:37 Double-Bit Axe
9:35 Horse Collar
12:02 Gold Mining
14:33 Castle Age
14:37 Scale Barding Armor
14:45 Bloodlines
14:57 Stone Mining
15:40 Loom
18:00 Heavy Plow
18:42 Wheelbarrow
20:30 Husbandry
21:14 Chain Barding Armor
22:31 Hand Cart
22:54 Bow Saw
23:39 Forging
22:53 Light Cavalry
30:34 Imperial Age
27:50 Town Watch
29:16 Iron Casting
28:32 Fletching
28:06 Elite Skirmisher
28:53 Thumb Ring
28:56 Tuntian
29:32 Town Watch
30:27 Gold Shaft Mining
31:11 Heavy Hei Guang Cavalry
32:26 Hussar
34:28 Caravan
36:02 Ming Guang Armor
35:58 Conscription
37:37 Masonry
37:38 Bodkin Arrow
37:44 Padded Archer Armor
38:50 Chemistry
38:12 Ballistics
37:50 Murder Holes
41:17 Bracer
42:17 Blast Furnace
41:33 Leather Archer Armor
Connection lost

Rejoining the realm…

Still unreachable

The connection could not be restored.

Session expired

The server has moved on; the page needs a fresh start.